 Dungeon Crawl Stone Soup version 0.23-a0-32-g1388f29 (webtiles) character file.

89443 KristoblXynda the Covert (level 15, -8/117 HPs)
             Began as a Naga Berserker on Aug 4, 2018.
             Was a High Priest of Trog.
             Mangled by a salamander
             ... wielding a +0 halberd
              (10 damage)
             ... on level 3 of the Snake Pit.
             The game lasted 01:01:27 (26734 turns).

KristoblXynda the Covert (Naga Berserker)          Turns: 26734, Time: 01:01:27

Health: -8/117     AC: 28    Str: 28    XL:     15   Next: 97%
Magic:  0/28       EV: 15    Int: 16    God:    Trog [*****.]
Gold:   1361       SH: 12    Dex: 18    Spells: 14/14 levels left

rFire    . . .     SeeInvis +   n - +2 war axe (venom)
rCold    + . .     Gourm    .   B - +0 shield
rNeg     + . .     Faith    .   L - +2 ring mail "Yson" {Str+3 Dex+6 Stlth-}
rPois    +         Spirit   +   t - +3 hat of Pondering {ponderous, MR+ MP+10 Int+5}
rElec    +         Reflect  .   J - +0 cloak of Unulig {rElec MR+}
rCorr    .         Harm     .   K - +0 pair of gloves of Youthful Indiscretion {Regen+}
MR       +++++                  A - +4 naga barding {Stlth+}
Stlth    +++++.....             g - amulet of guardian spirit
HPRegen  1.00/turn              p - ring of Mousuf {rPois rN+ Str+4}
MPRegen  0.21/turn              h - ring of protection from cold

@: regenerating, very slow
A: large, see invisible, deformed body, magic resistance 1, poison resistance,
slowness 2, inhibited regeneration, slow metabolism 1, spit poison 1, constrict
1, AC +5
a: Spit Poison, Berserk, Trog's Hand, Brothers in Arms, Renounce Religion


You were on level 3 of the Snake Pit.
You worshipped Trog.
Trog was extremely pleased with you.
You were not hungry.

You visited 6 branches of the dungeon, and saw 25 of its levels.

You collected 1630 gold pieces.
You spent 269 gold pieces at shops.

Inventory:

Hand Weapons
 d - a +1 demon whip of pain
 n - a +2 war axe of venom (weapon)
Missiles
 C - 2 throwing nets (quivered)
Armour
 t - the +3 hat of Pondering (worn) {ponderous, MR+ MP+10 Int+5}
   (You took it off Gastronok on level 8 of the Dungeon)

   It affects your intelligence (+5).
   It affects your resistance to hostile enchantments.
   It affects your magic capacity (+10).
 A - a +4 naga barding of stealth (worn)
 B - a +0 shield (worn)
 J - the +0 cloak of Unulig (worn) {rElec MR+}
   (You found it on level 8 of the Dungeon)

   It insulates you from electricity.
   It affects your resistance to hostile enchantments.
 K - the +0 pair of gloves of Youthful Indiscretion (worn) {Regen+}
   (You found it on level 4 of the Lair of Beasts)

   It increases your rate of regeneration.
 L - the +2 ring mail "Yson" (worn) {Str+3 Dex+6 Stlth-}
   (You found it on level 3 of the Lair of Beasts)

   It affects your strength (+3).
   It affects your dexterity (+6).
   It makes you less stealthy.
Jewellery
 e - an uncursed ring of poison resistance {unknown}
 g - an amulet of guardian spirit (around neck)
 h - a ring of protection from cold (right hand)
 p - the ring of Mousuf (left hand) {rPois rN+ Str+4}
   (You found it on level 4 of the Dungeon)

   [ring of positive energy]

   It affects your strength (+4).
   It protects you from poison.
   It protects you from negative energy.
Wands
 m - a wand of acid (14)
 s - a wand of clouds (4)
 v - a wand of digging (38)
 F - a wand of iceblast (17)
Scrolls
 b - 5 scrolls of remove curse
 i - 10 scrolls of immolation
 j - 5 scrolls of fog
 z - 8 scrolls of teleportation
Potions
 a - 5 potions of berserk rage
 f - a potion of magic {unknown}
 k - 2 potions of cancellation
 l - 5 potions of brilliance
 o - 2 potions of agility
 q - 4 potions of curing
 r - 5 potions of might
 u - 2 potions of lignification
 w - a potion of flight {unknown}
 E - 4 potions of haste
 I - a potion of ambrosia
Miscellaneous
 x - a fan of gales
 H - a phantom mirror
Comestibles
 c - 23 rations


   Skills:
 + Level 3.5 Fighting
 + Level 13.4(13.7) Axes
 - Level 4.5(10.0) Maces & Flails
 + Level 11.9 Armour
 + Level 11.9 Dodging
 - Level 14.0 Stealth
 + Level 7.6 Shields
 - Level 5.2 Evocations


You had 14 spell levels left.
You didn't know any spells.
Your spell library contained the following spells:

 Spells                   Type           Power        Failure   Level  Hunger
 Apportation              Tloc           #.....       41%         1    ##.....
 Lightning Bolt           Conj/Air       #.........   100%        5    ######.
 Bolt of Magma            Conj/Fire/Erth #.........   100%        5    ######.
 Controlled Blink         Tloc           N/A          100%        8    #######
 Mephitic Cloud           Conj/Pois/Air  #.......     80%         3    ####...
 Venom Bolt               Conj/Pois      #.........   100%        5    ######.
 Olgreb's Toxic Radiance  Pois           #.......     99%         4    #####..
 Summon Small Mammal      Summ           #...         41%         1    ##.....
 Animate Skeleton         Necr           N/A          41%         1    ##.....
 Summon Ice Beast         Ice/Summ       #.......     99%         4    #####..
 Call Imp                 Summ           #.......     56%         2    ###....
 Regeneration             Chrm/Necr      #.........   80%         3    ####...
 Sting                    Conj/Pois      #...         41%         1    ##.....
 Iron Shot                Conj/Erth      #.........   100%        6    #######
 Stone Arrow              Conj/Erth      #.....       80%         3    ####...
 Shock                    Conj/Air       #...         41%         1    ##.....
 Swiftness                Chrm/Air       #.......     56%         2    ###....
 Spider Form              Tmut/Pois      #.........   80%         3    ####...
 Blade Hands              Tmut           #.........   100%        5    ######.
 Statue Form              Tmut/Erth      #........    100%        6    #######
 Ice Form                 Ice/Tmut       #.......     99%         4    #####..
 Dragon Form              Tmut           #.........   100%        7    #######
 Deflect Missiles         Chrm/Air       #.........   100%        6    #######
 Throw Icicle             Conj/Ice       #.......     99%         4    #####..
 Airstrike                Air            #.........   99%         4    #####..
 Confusing Touch          Hex            #.....       41%         1    ##.....
 Passwall                 Tmut/Erth      #.......     56%         2    ###....
 Sticks to Snakes         Tmut           #.......     56%         2    ###....
 Call Canine Familiar     Summ           #.......     80%         3    ####...
 Silence                  Hex/Air        #.........   100%        5    ######.
 Static Discharge         Conj/Air       #.......     80%         3    ####...
 Lee's Rapid Deconstruct  Erth           #.........   100%        5    ######.
 Sandblast                Erth           #.....       41%         1    ##.....
 Conjure Ball Lightning   Conj/Air       #.........   100%        6    #######
 Petrify                  Tmut/Erth      #.......     99%         4    #####..
 Orb of Destruction       Conj           #.........   100%        7    #######
 Tornado                  Air            #.........   100%        9    #######
 Shroud of Golubria       Chrm/Tloc      #.........   56%         2    ###....
 Beastly Appendage        Tmut           #.....       41%         1    ##.....
 Iskenderun's Battlesphe  Conj/Chrm      #.......     100%        5    ######.
 Force Lance              Conj/Tloc      #.......     99%         4    #####..
 Infusion                 Chrm           #...         41%         1    ##.....
 Song of Slaying          Chrm           #.......     56%         2    ###....
 Spectral Weapon          Hex/Chrm       #.......     80%         3    ####...
 Summon Lightning Spire   Summ/Air       #.......     99%         4    #####..
 Summon Guardian Golem    Hex/Summ       #.......     80%         3    ####...
 Spellforged Servitor     Conj/Summ      #.........   100%        7    #######
 Hydra Form               Tmut           #.........   100%        6    #######
 Irradiate                Conj/Tmut      #.........   100%        5    ######.
 Poisonous Vapours        Pois/Air       #.....       56%         2    ###....


Dungeon Overview and Level Annotations

Branches:
Dungeon (12/15)            Temple (1/1) D:6            Lair (6/6) D:9
 Shoals (0/4) Lair:3        Snake (3/4) Lair:2        Slime (1/5) Lair:5
    Orc (2/2) D:10            Elf (0/3) Orc:2

Altars:
Ashenzari
Cheibriados
Dithmenos
Elyvilon
Fedhas
Gozag
Hepliaklqana
Kikubaaqudgha
Makhleb
Nemelex Xobeh
Okawaru
Qazlal
Ru
Sif Muna
Trog
Uskayaw
Vehumet
Wu Jian
Xom
Yredelemnul
Zin
The Shining One
Beogh

Shops:
D:5 *   D:7 ?   Orc:2 ![=(

Annotations:
D:12 Frances
Lair:1 exclusion: 2 oklob plants
Lair:2 exclusion: oklob plant
Snake:1 exclusion: Roxanne, Roxanne
Snake:3 Vashnia


Innate Abilities, Weirdness & Mutations

You cannot wear boots.
Your serpentine skin is tough. (AC +5)
You have supernaturally acute eyesight. (SInv)
Armour fits poorly on your strangely shaped body.
Your system is resistant to poisons. (rPois)
You cover ground very slowly.
You have a slow metabolism.
You can spit poison.
You can use your snake-like lower body to constrict enemies.
You are resistant to hostile enchantments. (MR+)
You do not regenerate when monsters are visible.


Message History

Okay, then.
Okay, then.
Your skin crawls.
You feel resistant to hostile enchantments.
You feel somewhat more hungry.
You constrict the naga sharpshooter.
You kill the naga sharpshooter!
Trog accepts your kill.
Trog appreciates your killing of a magic user.
The naga sharpshooter casts a spell.
The naga sharpshooter magically shoots an arrow.
The arrow hits you.
* * * LOW HITPOINT WARNING * * *
You hear a shout!
Unknown command.
Your ogre goes berserk!
You feel quite a bit more hungry.
The salamander hits you from afar with a halberd!
* * * LOW HITPOINT WARNING * * *
You are engulfed in flames!
You die...

.. #.## ...
#..## ...#
......
####...### ..#
....)..
..(.(....##.#
.......
..........#
........#
##....O..# ....#
.....#...()...##
....#
#....##@)...#...
....#.#
##.#####NN......
......# #
#N.......
......#
.....##..
....... #....##
....... N....#
....#.. .N...##
...## # .N...#
..## ...N..#


You could see 2 naga sharpshooters, a salamander and a friendly ogre (berserk).

Vanquished Creatures
  Gastronok (D:8)
  2 nagarajas
  Louise (Snake:1)
  An orc warlord (Orc:2)
  Snorg (Orc:1)
  Harold (D:7)
  A catoblepas (Lair:4)
  3 naga warriors (Snake:1)
  3 hydras
  Fannar (Lair:2)
  The ghost of aaksess the Skirmisher, a novice OgSk of Okawaru (D:8)
  4 anacondas
  5 two-headed ogres
  5 orc high priests (Orc:2)
  A death yak (Lair:4)
  5 naga sharpshooters
  A shock serpent (Snake:1)
  2 naga ritualists (Snake:1)
  3 orc knights (Orc:2)
  Pikel (D:8)
  4 mana vipers
  A cyclops (D:11)
  A manticore (Lair:3)
  An ugly thing (D:11)
  An oklob plant (Lair:3)
  4 orc sorcerers (Orc:2)
  2 salamanders
  3 elephants (Lair:4)
  A centaur zombie (D:11)
  14 black mambas
  A gargoyle (D:11)
  9 naga magi
  7 spiny frogs
  8 komodo dragons
  3 rime drakes (Lair:4)
  11 trolls
  4 hornets (Lair:6)
  13 hippogriffs
  Grinder (D:3)
  6 polar bears (Lair:6)
  13 blink frogs
  15 dream sheep
  A meliai zombie (D:11)
  5 wyverns
  21 yaks
  13 spriggans (Lair:6)
  A wraith (D:10)
  A basilisk (Lair:1)
  5 wargs
  Menkaure (D:4)
  13 water moccasins
  20 nagas
  8 porcupines
  3 ice beasts
  42 orc warriors
  2 sky beasts
  6 black bears
  A phantom (D:8)
  12 centaurs
  23 ogres
  5 boggarts (Lair:6)
  24 wolves
  9 crocodiles
  2 big kobolds
  2 gnoll sergeants (D:10)
  14 bullfrogs
  3 scorpions
  A water moccasin skeleton (D:9)
  12 killer bees (D:11)
  8 wights
  An electric eel (D:10)
  5 crimson imps
  A bullfrog zombie (D:9)
  43 orc priests
  3 bullfrog skeletons
  A gnoll shaman (D:10)
  5 hounds
  12 jellies
  2 centaur skeletons
  38 orc wizards
  2 iguanas
  Natasha (D:3)
  13 worker ants
  Terence (D:3)
  A hound skeleton (D:7)
  13 gnolls
  18 adders
  3 shadow imps
  17 oozes
  2 adder zombies
  3 worms
  3 dart slugs
  6 leopard geckos
  149 orcs
  2 ball pythons (D:1)
  6 giant cockroaches
  7 hobgoblins
  6 jackals
  13 kobolds
  2 quokkas
  11 bats
  5 frilled lizards
  7 goblins
  2 leopard gecko skeletons
  A quokka skeleton (D:8)
  A quokka zombie (D:5)
  10 rats
  2 fungi
  A plant (Lair:1)
843 creatures vanquished.

Vanquished Creatures (others)
  An orc warrior (D:8)
  11 fungi
  17 plants
29 creatures vanquished.

Grand Total: 872 creatures vanquished

Notes
Turn   | Place    | Note
-------+----------+-------------------------------------------
     0 | D:1      | KristoblXynda the Naga Berserker began the quest for the Orb.
     0 | D:1      | Reached XP level 1. HP: 21/21 MP: 1/1
   399 | D:1      | Reached XP level 2. HP: 25/28 MP: 2/2
   592 | D:1      | Reached skill level 1 in Stealth
   932 | D:1      | Reached XP level 3. HP: 33/34 MP: 3/3
  1302 | D:1      | Reached ** piety under Trog
  1463 | D:2      | Reached skill level 2 in Stealth
  1789 | D:2      | Reached XP level 4. HP: 21/42 MP: 4/4
  2260 | D:2      | Reached skill level 3 in Stealth
  2525 | D:2      | Reached XP level 5. HP: 35/49 MP: 5/5
  2912 | D:3      | Noticed Grinder
  2912 | D:3      | Paralysed by Grinder for 2 turns
  2918 | D:3      | Paralysed by Grinder for 2 turns
  2924 | D:3      | Killed Grinder
  2924 | D:3      | Reached skill level 4 in Stealth
  2924 | D:3      | Reached XP level 6. HP: 56/56 MP: 6/6
  3100 | D:3      | Noticed Natasha
  3106 | D:3      | Killed Natasha
  3158 | D:3      | Noticed Terence
  3164 | D:3      | Killed Terence
  3164 | D:3      | Reached skill level 5 in Stealth
  3494 | D:4      | Got an ichor-stained hand axe
  3495 | D:4      | Identified the cursed +0 hand axe of Insomnia {venom, Str+3} (You found it on level 4 of the Dungeon)
  3509 | D:4      | Reached XP level 7. HP: 59/62 MP: 7/7
  3538 | D:4      | Noticed Menkaure
  3550 | D:4      | Killed Menkaure
  3550 | D:4      | Reached skill level 1 in Axes
  3604 | D:4      | Reached *** piety under Trog
  3643 | D:4      | Got a shimmering marble ring
  3645 | D:4      | Identified the ring of Mousuf {rPois rN+ Str+4} (You found it on level 4 of the Dungeon)
  3757 | D:4      | Reached skill level 6 in Stealth
  3988 | D:4      | Reached XP level 8. HP: 44/69 MP: 8/8
  4243 | D:4      | Reached skill level 7 in Stealth
  4364 | D:4      | Found a burning altar of Makhleb.
  4367 | D:4      | Found a glowing silver altar of Zin.
  4368 | D:4      | Noticed an angel
  4370 | D:4      | Noticed a blizzard demon
  4723 | D:5      | Entered Level 5 of the Dungeon
  4727 | D:5      | Found Red Lyliom's Serpentskin Sales.
  4946 | D:5      | Reached skill level 8 in Stealth
  5104 | D:5      | You fall through a shaft for 3 floors!
  5104 | D:8      | Noticed a hippogriff
  5113 | D:8      | Killed a hippogriff
  5113 | D:8      | Reached XP level 9. HP: 36/75 MP: 9/9
  5233 | D:8      | Reached skill level 5 in Dodging
  5272 | D:8      | Reached skill level 5 in Armour
  5483 | D:8      | Got a shimmering leather armour
  5494 | D:8      | Identified the +1 leather armour of Beogh's Regard {rF+ Int+3} (You found it on level 8 of the Dungeon)
  5606 | D:8      | Reached skill level 9 in Stealth
  5669 | D:8      | Noticed a two-headed ogre
  5673 | D:8      | HP: 3/75 [orc warrior/hand axe (5)]
  5674 | D:8      | Reached **** piety under Trog
  5677 | D:8      | Killed a two-headed ogre
  5677 | D:8      | Reached skill level 5 in Axes
  5677 | D:8      | Reached skill level 10 in Stealth
  5795 | D:8      | Found a runed gate.
  5796 | D:8      | Found a runed gate.
  5798 | D:8      | Found a runed gate.
  5799 | D:8      | Noticed aaksess's ghost (novice OgSk)
  5815 | D:8      | Found a roughly hewn altar of Beogh.
  5838 | D:8      | Reached XP level 10. HP: 41/84 MP: 10/10
  6247 | D:8      | Noticed Pikel
  6249 | D:8      | Noticed Gastronok
  6265 | D:8      | Killed Gastronok
  6265 | D:8      | Reached skill level 11 in Stealth
  6308 | D:8      | Killed Pikel
  6771 | D:7      | Found Ahopsigh's Magic Scroll Boutique.
  6848 | D:7      | Bought a scroll of identify for 22 gold pieces
  6855 | D:7      | Bought a scroll of enchant weapon for 82 gold pieces
  6855 | D:7      | Bought a scroll of teleportation for 33 gold pieces
  7001 | D:7      | Reached skill level 12 in Stealth
  7125 | D:7      | Noticed Harold
  7342 | D:7      | Killed Harold
  7342 | D:7      | Reached XP level 11. HP: 90/90 MP: 11/11
  8053 | D:6      | Reached ***** piety under Trog
  8409 | D:6      | Found a staircase to the Ecumenical Temple.
  8662 | Temple   | Entered the Ecumenical Temple
  9037 | D:5      | Found a deep blue altar of Sif Muna.
  9693 | D:9      | Noticed a two-headed ogre
  9705 | D:9      | Killed a two-headed ogre
  9705 | D:9      | Reached skill level 13 in Stealth
 10050 | D:9      | Received a gift from Trog
 10103 | D:9      | Found a staircase to the Lair.
 10321 | D:9      | Found a radiant altar of Vehumet.
 10321 | D:9      | Found a stormy altar of Qazlal.
 10554 | Lair:1   | Entered Level 1 of the Lair of Beasts
 10579 | D:10     | Entered Level 10 of the Dungeon
 11682 | D:10     | Found a staircase to the Orcish Mines.
 11694 | D:10     | Reached XP level 12. HP: 57/97 MP: 12/12
 11695 | D:10     | Reached skill level 14 in Stealth
 11949 | D:10     | Found a sacrificial altar of Ru.
 12247 | D:11     | Reached skill level 1 in Evocations
 13478 | D:11     | Received a gift from Trog
 13533 | D:11     | Got a transparent dagger {god gift}
 13534 | D:11     | Identified the +3 dagger of Loonei {flame, rF+ MR+ Int+4 Stlth+} (Trog gifted it to you on level 11 of the Dungeon)
 13686 | D:12     | Noticed Frances
 13832 | D:8      | Killed aaksess's ghost
 13854 | D:8      | Got an ichor-stained cloak
 13865 | D:8      | Identified the cursed +0 cloak of Unulig {rElec MR+} (You found it on level 8 of the Dungeon)
 14228 | Lair:1   | Reached skill level 10 in Axes
 15220 | Lair:2   | Noticed Fannar
 15433 | Lair:2   | Killed Fannar
 15433 | Lair:2   | Gained mutation: You can use your snake-like lower body to constrict enemies. [Naga growth]
 15433 | Lair:2   | Reached XP level 13. HP: 103/103 MP: 16/16
 15492 | Lair:2   | Reached skill level 5 in Evocations
 15577 | Lair:2   | Identified a scroll of acquirement
 15822 | Lair:2   | Found a staircase to the Snake Pit.
 15988 | Lair:2   | Received a gift from Trog
 16587 | Lair:3   | Reached skill level 1 in Shields
 16733 | Lair:3   | Got a blackened ring mail
 16760 | Lair:3   | Identified the +2 ring mail "Yson" {Str+3 Dex+6 Stlth-} (You found it on level 3 of the Lair of Beasts)
 17038 | Lair:3   | Found a staircase to the Shoals.
 17394 | Lair:4   | Got a pair of faintly humming gloves
 17406 | Lair:4   | Identified the +0 pair of gloves of Youthful Indiscretion {Regen+} (You found it on level 4 of the Lair of Beasts)
 17419 | Lair:4   | You fall through a shaft for 2 floors!
 17419 | Lair:6   | Entered Level 6 of the Lair of Beasts
 17555 | Lair:6   | Reached skill level 10 in Armour
 17555 | Lair:6   | Reached skill level 10 in Dodging
 17743 | Lair:6   | Reached ****** piety under Trog
 17984 | Lair:6   | Reached XP level 14. HP: 99/111 MP: 17/17
 18126 | Lair:6   | Received a gift from Trog
 18973 | Lair:5   | Received a gift from Trog
 18999 | Lair:5   | Found a staircase to the Slime Pits.
 20088 | Lair:4   | Reached skill level 5 in Shields
 20141 | Lair:4   | Got a fine helmet
 20264 | Lair:4   | Identified the +0 helmet of the Iron City of Dis {rF- rCorr Int+2} (You found it on level 4 of the Lair of Beasts)
 20961 | Orc:1    | Entered Level 1 of the Orcish Mines
 20973 | Orc:1    | Noticed Snorg
 20982 | Orc:1    | Killed Snorg
 21041 | Orc:1    | Found a roughly hewn altar of Beogh.
 21443 | Orc:2    | Entered Level 2 of the Orcish Mines
 21720 | Orc:2    | Received a gift from Trog
 21789 | Orc:2    | Found a staircase to the Elven Halls.
 22196 | Orc:2    | Found Idwol's Weapon Shoppe.
 22426 | Orc:2    | Noticed an orc warlord
 22456 | Orc:2    | Killed an orc warlord
 22517 | Orc:2    | Found a roughly hewn altar of Beogh.
 22538 | Orc:2    | Found Utaff's Jewellery Emporium.
 22543 | Orc:2    | Reached XP level 15. HP: 73/117 MP: 13/18
 22791 | Orc:2    | Received a gift from Trog
 22900 | Orc:2    | Found Nuuptunk's Distillery.
 22919 | Orc:2    | Bought a potion of lignification for 36 gold pieces
 22919 | Orc:2    | Bought a potion of mutation for 96 gold pieces
 22940 | Orc:2    | Found Ilu Xur's Armour Shoppe.
 23023 | Orc:2    | Found a roughly hewn altar of Beogh.
 23820 | Slime:1  | Entered Level 1 of the Pits of Slime
 23820 | Slime:1  | Noticed an acid blob
 23909 | Snake:1  | Entered Level 1 of the Snake Pit
 23912 | Snake:1  | Noticed Roxanne
 23986 | Snake:1  | Noticed Louise
 24004 | Snake:1  | Killed Louise
 24608 | Snake:1  | Received a gift from Trog
 24824 | Snake:1  | Gained mutation: You expend magic power (3 MP) to strengthen your wands. [potion of mutation]
 24824 | Snake:1  | Gained mutation: You are frail. (-10% HP) [potion of mutation]
 24824 | Snake:1  | Gained mutation: Your mind is acute. (Int +2) [potion of mutation]
 24825 | Snake:1  | Lost mutation: Your mind is acute. (Int +2) [potion of mutation]
 24825 | Snake:1  | Lost mutation: You expend magic power (3 MP) to strengthen your wands. [potion of mutation]
 24825 | Snake:1  | Lost mutation: You are frail. (-10% HP) [potion of mutation]
 24825 | Snake:1  | Gained mutation: You do not regenerate when monsters are visible. [potion of mutation]
 24825 | Snake:1  | Gained mutation: You are resistant to hostile enchantments. (MR+) [potion of mutation]
 26337 | Snake:2  | Identified Wunowny's Papyrus of Congealing Displacement
 26350 | Snake:2  | Noticed a nagaraja
 26357 | Snake:2  | Killed a nagaraja
 26528 | Snake:3  | Noticed a nagaraja
 26532 | Snake:3  | Noticed Vashnia
 26537 | Snake:3  | Killed a nagaraja
 26734 | Snake:3  | HP: 2/117 [salamander/halberd (7)]
 26734 | Snake:3  | Mangled by a salamander

Vault maps used:
D:1:      onia_arrival_mini_maze_b
D:2:      first_ration, minmay_close_crescents
D:3:      uniq_grinder, uniq_terence, uniq_natasha
D:4:      grunt_temple_overflow_order_and_chaos_2, minivault_14, uniq_menkaure
D:5:      led_sif_book, guppyfry_shop_venom
D:6:      temple_doors_e
D:7:      serial_shops, shop_coins, grunt_ogre_cave, uniq_harold
D:8:      biasface_ghost_orc_armoury, uniq_gastronok, uniq_pikel
D:9:      gammafunk_temple_overflow_pools, erik_lair_orcish_takeover
D:10:     kennysheep_orc_monster_closet_entryway, basic_altar
D:12:     minmay_klotski, uniq_frances
Temple:   minmay_crystal_spiral_temple
Lair:1:   grunt_forest_small_clearings, serial_bayou_shore_b,
          minmay_lair_oklob_chamber
Lair:2:   lemuel_slime, minmay_snake_entry_guardpost_small, uniq_fannar
Lair:3:   minmay_shoals_entry_beasts
Lair:4:   nicolae_lair_yak_garden
Lair:5:   nicolae_slime_entry_slimehenge, lemuel_fruit_fields
Lair:6:   minmay_lair_end_enchanted_forest, grunt_megastairs_4,
          lemuel_fruit_tree
Snake:1:  guppyfry_library_mini, uniq_louise, uniq_roxanne
Snake:3:  uniq_vashnia
Orc:1:    basic_altar, uniq_snorg
Orc:2:    pubby_orc_utopia

Skill      XL: |  1  2  3  4  5  6  7  8  9 10 11 12 13 14 15 |
---------------+----------------------------------------------+-----
Stealth        | 1 2 3 4 5 6 8 10 12 13 14 | 14.0
Armour         | 2 3 4 5 7 8 9 10 11 | 11.9
Dodging        | 2 3 4 6 7 8 9 10 11 | 11.9
Maces & Flails | 4 |  4.5
Axes           | 2 4 5 7 8 10 11 12 13 | 13.4
Evocations     | 4 5 |  5.2
Shields        | 3 6 7 |  7.6
Fighting       | |  3.5

Action                   |  1- 3 |  4- 6 |  7- 9 | 10-12 | 13-15 || total
-------------------------+-------+-------+-------+-------+-------++-------
Melee: Whip              |   126 |    66 |       |       |    99 ||   291
       Mace              |     8 |       |       |       |       ||     8
       War axe           |       |    80 |   219 |   752 |  1053 ||  2104
       Constrict         |       |       |       |       |   237 ||   237
Invok: Berserk           |       |     1 |     3 |    10 |     7 ||    21
       Trog's Hand       |       |       |     2 |     2 |     3 ||     7
       Brothers in Arms  |       |       |       |       |     1 ||     1
 Abil: Spit Poison       |    10 |     9 |     2 |    14 |       ||    35
Evoke: Wand              |       |       |     5 |     5 |     7 ||    17
  Use: Scroll            |       |     6 |     4 |    10 |    16 ||    36
       Potion            |       |       |     3 |     1 |     3 ||     7
 Stab: Sleeping          |     3 |       |     1 |    13 |    34 ||    51
       Distracted        |       |       |     1 |       |     4 ||     5
       Confused          |       |       |       |     6 |       ||     6
  Eat: Chunk             |     2 |     6 |     7 |    13 |    13 ||    41
       Ration            |       |     1 |       |     7 |     9 ||    17
Armor: Animal skin       |    34 |       |       |       |       ||    34
       Leather armour    |     3 |     1 |       |       |       ||     4
       Scale mail        |       |    89 |   115 |    65 |       ||   269
       Chain mail        |       |       |       |   584 |   117 ||   701
       Ring mail         |       |       |       |       |   535 ||   535
Dodge: Dodged            |    75 |    65 |   129 |   498 |   714 ||  1481
Block: Shield            |       |       |       |       |   362 ||   362

Table legend:
 A = Spawn XP
 B = Non-spawn XP
 C = Spawn XP percentage of total XP
 D = Spawn monster count
 E = Non-spawn monster count
 F = Spawn count percentage of total count
 G = Total turns spent on level
                    A         B        C        D         E        F      G
               +---------+---------+-------+---------+---------+-------+---------
         Total |       0 |  127776 |   0.0 |       0 |     841 |   0.0 | 26734
               +---------+---------+-------+---------+---------+-------+---------
           D:1 |       0 |      50 |   0.0 |       0 |      32 |   0.0 |  1453
           D:2 |       0 |     166 |   0.0 |       0 |      39 |   0.0 |  1230
           D:3 |       0 |     391 |   0.0 |       0 |      10 |   0.0 |   796
           D:4 |       0 |    1062 |   0.0 |       0 |      42 |   0.0 |  1244
           D:5 |       0 |     856 |   0.0 |       0 |      22 |   0.0 |  1033
           D:6 |       0 |    1036 |   0.0 |       0 |      31 |   0.0 |  1061
           D:7 |       0 |    2426 |   0.0 |       0 |      37 |   0.0 |  1012
           D:8 |       0 |    7007 |   0.0 |       0 |      56 |   0.0 |  1882
           D:9 |       0 |    3504 |   0.0 |       0 |      38 |   0.0 |   972
          D:10 |       0 |    3771 |   0.0 |       0 |      49 |   0.0 |  1680
          D:11 |       0 |    6757 |   0.0 |       0 |      64 |   0.0 |  1557
        Lair:1 |       0 |    3411 |   0.0 |       0 |      14 |   0.0 |  1254
        Lair:2 |       0 |    5277 |   0.0 |       0 |      40 |   0.0 |  1429
        Lair:3 |       0 |    6992 |   0.0 |       0 |      27 |   0.0 |   931
        Lair:4 |       0 |    8901 |   0.0 |       0 |      26 |   0.0 |  1265
        Lair:5 |       0 |    3285 |   0.0 |       0 |      21 |   0.0 |  1043
        Lair:6 |       0 |   15316 |   0.0 |       0 |      70 |   0.0 |  1195
       Snake:1 |       0 |   17306 |   0.0 |       0 |      30 |   0.0 |  1728
       Snake:2 |       0 |   11430 |   0.0 |       0 |      25 |   0.0 |   873
       Snake:3 |       0 |    4879 |   0.0 |       0 |       6 |   0.0 |   224
         Orc:1 |       0 |    3725 |   0.0 |       0 |      16 |   0.0 |   499
         Orc:2 |       0 |   20228 |   0.0 |       0 |     146 |   0.0 |  2199
               +---------+---------+-------+---------+---------+-------+---------
